 Dungeon Crawl Stone Soup version 0.18.1-50-g88ac8fd (webtiles) character file.

86 magog001 the Covered (level 4, 0/40 HPs)
             Began as a Minotaur Fighter on May 19, 2018.
             Slain by an ogre
             ... wielding a +0 giant club
              (21 damage)
             ... on level 3 of the Dungeon.
             The game lasted 00:09:21 (1865 turns).

magog001 the Covered (Minotaur Fighter)             Turns: 1865, Time: 00:09:22

Health: 0/40       AC: 11    Str: 21    XL:     4   Next: 27%
Magic:  3/3        EV:  5    Int:  5    God:
Gold:   98         SH:  9    Dex: 10    Spells: 0 memorised, 3 levels left

rFire  . . .     SeeInvis .     m - +3 hand axe
rCold  . . .     Gourm    .     t - +2 chain mail {rN+}
rNeg   + . .     Faith    .     c - +0 shield
rPois  .         Spirit   .     (helmet restricted)
rElec  .         Dismiss  .     (no cloak)
rCorr  .         Reflect  .     (no gloves)
SustAt .         Harm     .     (no boots)
MR     +....                    (no amulet)
Stlth  ..........               (no ring)
                                r - ring of protection from magic

@: somewhat resistant to hostile enchantments, extremely unstealthy
A: retaliatory headbutt, horns 2
a: no special abilities


You were on level 3 of the Dungeon.
You were not hungry.

You visited 1 branch of the dungeon, and saw 3 of its levels.

You collected 98 gold pieces.

Inventory:

Hand Weapons
 m - a +3 hand axe (weapon)
Missiles
 j - 62 sling bullets
Armour
 c - a +0 shield (worn)
 t - a +2 chain mail of positive energy (worn)
Jewellery
 r - a ring of protection from magic (left hand)
Scrolls
 e - 3 scrolls of identify {unknown}
 g - a scroll of enchant armour {unknown}
 n - a scroll of fear {unknown}
 q - a scroll of remove curse {unknown}
Potions
 d - a potion of might
 h - a potion of flight {unknown}
 i - a potion of curing {unknown}
 k - 2 potions of resistance {unknown}
 o - a potion of mutation {unknown}
 p - a potion of lignification {unknown}
Comestibles
 f - 2 bread rations
 l - a slice of pizza
 s - 9 chunks of flesh


   Skills:
 * Level 4.2 Fighting
 * Level 3.3 Axes
 * Level 4.7 Armour
 * Level 4.3 Shields


You had 3 spell levels left.
You didn't know any spells.

Dungeon Overview and Level Annotations

Branches:
Dungeon (3/15)

Altars:
Makhleb

Portals:
Abyss: D:1***


Innate Abilities, Weirdness & Mutations

You reflexively headbutt those who attack you in melee.
You have a pair of horns on your head.


Message History

Really walk into that teleport trap?
Okay, then.
An ogre comes into view. It is wielding a giant club.
There is a stone staircase leading down here.
You block the ogre's attack.
You hit the ogre.
The ogre is lightly wounded.
You block the ogre's attack.
Your chain mail prevents you from hitting the ogre.
You headbutt the ogre!
The ogre is moderately wounded.
The ogre hits you with a giant club!!
You hit the ogre.
The ogre is heavily wounded.
The ogre barely misses you.
You barely miss the ogre. Your headbutt misses the ogre.
The ogre is heavily wounded.
The ogre hits you with a giant club!!
Ouch! That really hurt!
You die...

.#. .#. # ##### .. ###.
#...### .. ...##.....##
#. ##.....(...## ..# #.
.............
.....#.#### #.........##
......O@>.###.##...#.##
......###..........#.#
..............#.#.##.###
.....####.###.#.#.##.##.
#.# #.##......##.... .
.#####.##..#.######..
#.....................
...........^..######..
#######....#### ##.


You could see an ogre.

Vanquished Creatures
  An orc wizard (D:3)
  An ooze (D:3)
  A dart slug (D:3)
  5 orcs (D:3)
  2 giant cockroaches
  4 goblins
  5 hobgoblins
  6 jackals
  6 bats
  2 giant newts
  6 kobolds
  6 rats
45 creatures vanquished.

Notes
Turn   | Place    | Note
--------------------------------------------------------------
     0 | D:1      | magog001 the Minotaur Fighter began the quest for the Orb.
     0 | D:1      | Reached XP level 1. HP: 19/19 MP: 0/0
   123 | D:1      | Reached XP level 2. HP: 24/27 MP: 1/1
  1371 | D:3      | Reached XP level 3. HP: 33/33 MP: 2/2
  1373 | D:3      | Found a burning altar of Makhleb.
  1455 | D:3      | Reached XP level 4. HP: 40/40 MP: 3/3
  1858 | D:3      | Noticed an ogre
  1865 | D:3      | Slain by an ogre

Skill      XL: |  1  2  3 |
---------------+----------+-----
Armour         | 4 |  4.7
Fighting       | 4 |  4.2
Shields        | 4 |  4.3
Axes           | 3 |  3.3

Action                   |  1- 3 |  4- 6 || total
-------------------------+-------+-------++-------
Melee: War axe           |    41 |       ||    41
       Headbutt          |     9 |     6 ||    15
       Hand axe          |    37 |    24 ||    61
  Eat: Chunk             |     1 |     2 ||     3
Armor: Scale mail        |    33 |       ||    33
       Chain mail        |     2 |     9 ||    11
Dodge: Dodged            |    24 |     4 ||    28
Block: Shield            |    37 |    10 ||    47
